AoeStats
← Chatrán

Arabia

509460377Analyzed
1v1 RM · 4d ago on Sep 26, 2026· 27m 4s· 2 players
Game mode
Random Map
Map size
Tiny (2 player)
Population
200
Speed
Normal
Resources
Standard
Victory
Conquest
Starting age
Dark Age
Ending age
Imperial Age
RankedLock teamsTeams togetherTeam positionsShared explorationLock speedFull tech treeHidden civsTurbo modeCheats
Victory
Defeat
🇺🇸 Franks · United States
1005
+16
🇦🇷 Khmer · Argentina
995
-16
Chatrán
7:34 Loom
9:34 Feudal Age
11:25 Double-Bit Axe
15:28 Town Watch
19:11 Castle Age
17:29 Horse Collar
21:35 Pikeman
24:30 Husbandry
25:44 Bloodlines
babyquails
9:27 Feudal Age
20:21 Castle Age
18:34 Double-Bit Axe
19:14 Stone Mining
20:24 Scale Barding Armor
20:29 Forging
21:30 Bow Saw
22:14 Wheelbarrow
24:04 Fletching
25:09 Hand Cart
25:03 Gold Mining
Connection lost

Rejoining the realm…

Still unreachable

The connection could not be restored.

Session expired

The server has moved on; the page needs a fresh start.